 Dungeon Crawl Stone Soup version 0.30-a0-728-gc68057be0a (webtiles) character file.

Game seed: 2226317897266454412

1370 Bnni the Magician (level 8, -1/59 HPs)
             Began as a Djinni Venom Mage on Jan 30, 2023.
             Slain by krgfvk's ghost (7 damage)
             ... on level 3 of the Dungeon.
             The game lasted 00:14:38 (6028 turns).

Bnni the Magician (Djinni Venom Mage)               Turns: 6028, Time: 00:14:39

Health: -1/59      AC:  3    Str:  7    XL:     8   Next: 97%
Gold:   182        EV: 12    Int: 18    God:
                   SH:  5    Dex: 15

rFire   + . .      SeeInvis .    k - +1 dagger (holy)
rCold   . . .      Faith    .    c - +0 buckler
rNeg    . . .      Spirit   .    a - +0 robe
rPois   ∞          Reflect  .    (no helmet)
rElec   .          Harm     .    t - +0 cloak
rCorr   .          Rampage  .    (no gloves)
Will    +....                    (boots unavailable)
Stlth   ++                       (no amulet)
HPRegen 0.29/turn                f - ring of willpower
MPRegen 0.00/turn                w - ring of ice

@: flying, very slightly contaminated
A: sickness immunity, fire resistance 2, cold vulnerability 1, float, innate
caster, HP casting, extra vitality 1
a: no special abilities


You were on level 3 of the Dungeon.
You visited 1 branch of the dungeon, and saw 5 of its levels.

You collected 182 gold pieces.

Inventory:

Hand Weapons
 k - a +1 dagger of holy wrath (weapon)
 y - a +0 dagger of venom
Armour
 a - a +0 robe (worn)
 c - a +0 buckler (worn)
 t - a +0 cloak (worn)
Magical Staves
 l - a staff of conjuration
Jewellery
 f - a ring of willpower (left hand)
 w - a ring of ice (right hand)
Wands
 A - a wand of flame (10)
 B - a wand of quicksilver (6)
Scrolls
 g - 2 scrolls of teleportation {unknown}
 h - 3 scrolls of blinking {unknown}
 i - 3 scrolls of fog {unknown}
 j - a scroll of brand weapon {unknown}
 m - a scroll of noise {unknown}
 n - a scroll of immolation {unknown}
 o - 3 scrolls of poison {unknown}
 p - 2 scrolls of enchant weapon {unknown}
 q - a scroll of acquirement {unknown}
 r - a scroll of butterflies {unknown}
 s - 5 scrolls of identify {unknown}
 x - 2 scrolls of amnesia {unknown}
Potions
 b - 2 potions of magic
 d - 2 potions of lignification {unknown}
 e - 5 potions of heal wounds {unknown}
 u - a potion of flight {unknown}
 v - a potion of attraction {unknown}
 z - a potion of curing
 C - a potion of berserk rage {unknown}


   Skills:
 + Level 5.1 Fighting
 - Level 2.1 Dodging
 - Level 1.5 Stealth
 - Level 4.0 Shields
 * Level 6.4 Spellcasting


You had 3 spell levels left.
You knew the following spells:

 Your Spells              Type           Power      Damage    Failure   Level
a - Sting                 Tmut/Pois      100%       1d8       1%          1
b - Poisonous Vapours     Pois/Air       56%        N/A       1%          2
c - Mephitic Cloud        Conj/Pois/Air  28%        N/A       3%          3
d - Olgreb's Toxic Radia  Pois           28%        N/A       11%         4
e - Apportation           Tloc           56%        N/A       1%          1
f - Scorch                Fire           56%        2d8       1%          2
g - Confusing Touch       Hex            28%        N/A       3%          3
Your spell library was empty.

Dungeon Overview and Level Annotations

Branches:
Dungeon (5/15)
 Temple: D:4-7

Altars:
Nemelex Xobeh
Uskayaw

Shops:
D:2 !   D:3 :

Annotations:
D:3 krgfvk's ghost, weakling MiFi


Innate Abilities, Weirdness & Mutations

You are immune to sickness and miasma.
You are immune to poison.
Your flesh is very heat resistant. (rF++)
You are vulnerable to cold. (rC-)
You float through the air rather than walking.
You learn spells naturally, not from books.
Your magical power is your life essence.
You have superior vitality. (+4 MHP)


Message History

Krgfvk's ghost closely misses you.
You barely miss krgfvk's ghost.
Krgfvk's ghost is moderately damaged.
Krgfvk's ghost closely misses you.
Krgfvk's ghost hits itself.
You hit krgfvk's ghost but do no damage.
Krgfvk's ghost is moderately damaged.
You catch the helpless krgfvk's ghost completely off-guard!
You hit krgfvk's ghost.
Krgfvk's ghost convulses.
Krgfvk's ghost is heavily damaged.
You hit krgfvk's ghost but do no damage.
Krgfvk's ghost is heavily damaged.
Krgfvk's ghost closely misses you.
You hit krgfvk's ghost.
Krgfvk's ghost convulses.
Krgfvk's ghost is heavily damaged.
You block krgfvk's ghost's attack.
You hit krgfvk's ghost but do no damage.
Krgfvk's ghost is heavily damaged.
Casting: Confusing Touch (dangerous; 3% risk of failure)
Confirm with . or Enter, or press ? or * to list all spells.
Flames lash krgfvk's ghost.
Krgfvk's ghost is almost destroyed.
Krgfvk's ghost's fire resistance burns away.
* * * LOW HITPOINT WARNING * * *
Casting: Scorch (safe; 1% risk of failure)
Confirm with . or Enter, or press ? or * to list all spells.
Flames lash krgfvk's ghost.
Krgfvk's ghost is almost destroyed.
* * * LOW HITPOINT WARNING * * *
Casting: Scorch (safe; 1% risk of failure)
Confirm with . or Enter, or press ? or * to list all spells.
You miscast Scorch.
You are very lightly contaminated with residual magic.
Nothing appears to happen.
* * * LOW HITPOINT WARNING * * *
Casting: Scorch (safe; 1% risk of failure)
Confirm with . or Enter, or press ? or * to list all spells.
Flames lash krgfvk's ghost but do no damage.
* * * LOW HITPOINT WARNING * * *
Krgfvk's ghost hits you!
You die...

....(.......§(.§......#
#.########..§≈≈§≈§§≈≈.#
....# #..§.......≈.#
#...######<.≈.#####.§.#
##..........≈.#.......#
........###.≈.#._.#.≈§#
.##.###..##.≈.§...#.§.#
..#....#÷...≈.#####.≈.##
#...##..###.≈...@...≈..#
###.........§≈≈≈≈W≈≈≈..#
#####.###............#
#..########.##...#
##...# #....### ###.#
##)..# #.# ####...# ##
#.####..#..## .#
#.#<....#.##


You could see krgfvk's ghost (confused, combustible).

Vanquished Creatures
  Sigmund (D:2)
  Eustachio (D:5)
  An ice beast (D:5)
  A sky beast (D:4)
  Duvessa (D:5)
  A black bear (D:5)
  2 ogres
  A scorpion (D:5)
  Dowan (D:5)
  A howler monkey (D:4)
  An orc priest (D:3)
  A hound (D:4)
  Crazy Yiuf (D:5)
  2 iguanas (D:5)
  2 orc wizards (D:5)
  9 adders
  2 ufetubi
  4 worms
  2 dart slugs (D:2)
  11 orcs
  6 ball pythons
  7 endoplasms
  8 goblins
  7 hobgoblins
  6 jackals
  5 kobolds
  2 quokkas (D:2)
  9 bats
  5 frilled lizards
  4 rats
105 creatures vanquished.

Vanquished Creatures (others)
  A fungus (D:1)
  A plant (D:1)
2 creatures vanquished.

Grand Total: 107 creatures vanquished

Notes
Turn   | Place    | Note
-------+----------+-------------------------------------------
     0 | D:1      | Bnni the Djinni Venom Mage began the quest for the Orb.
     0 | D:1      | Bnni set off with the following spells memorised: Sting,
                  | Poisonous Vapours, Mephitic Cloud, Olgreb's Toxic Radiance.
     0 | D:1      | Reached XP level 1. HP: 15/15 MP: 0/0
   159 | D:1      | Reached XP level 2. HP: 21/22 MP: 0/0
   194 | D:1      | Reached skill level 1 in Shields
   318 | D:1      | Found a faded altar of an unknown god.
   498 | D:1      | Reached XP level 3. HP: 21/26 MP: 0/0
   498 | D:1      | Learned a level 1 spell: Apportation
   902 | D:2      | Found Anusefen's Distillery.
   906 | D:2      | Reached skill level 1 in Fighting
  1243 | D:2      | Reached skill level 3 in Spellcasting
  1243 | D:2      | Reached XP level 4. HP: 29/32 MP: 0/0
  1960 | D:2      | Noticed Sigmund
  1972 | D:2      | HP: 1/32 [Sigmund/magic dart (7)]
  1974 | D:2      | Killed Sigmund
  1975 | D:2      | Reached XP level 5. HP: 2/38 MP: 0/0
  1975 | D:2      | Learned a level 2 spell: Scorch
  1975 | D:2      | Reached XP level 6. HP: 3/43 MP: 0/0
  2377 | D:3      | Found Gotey's Vocational Training.
  2638 | D:3      | Found a sparkling altar of Nemelex Xobeh.
  2697 | D:3      | Found a runed translucent gate.
  2697 | D:3      | Noticed krgfvk's ghost (weakling MiFi)
  2698 | D:3      | Found a runed translucent gate.
  2699 | D:3      | Found a runed translucent gate.
  2925 | D:3      | Found a hide-covered altar of Uskayaw.
  3551 | D:4      | Noticed an ogre
  3569 | D:4      | Killed an ogre
  3570 | D:4      | Reached skill level 4 in Spellcasting
  3570 | D:4      | Reached XP level 7. HP: 30/49 MP: 0/0
  3570 | D:4      | Learned a level 3 spell: Confusing Touch
  4237 | D:5      | Entered Level 5 of the Dungeon
  4266 | D:5      | Noticed Eustachio
  4284 | D:5      | Killed Eustachio
  4285 | D:5      | Reached skill level 5 in Spellcasting
  4285 | D:5      | Reached XP level 8. HP: 27/58 MP: 0/0
  5046 | D:5      | Reached skill level 6 in Spellcasting
  5344 | D:5      | Found a runed translucent door.
  5345 | D:5      | Noticed Crazy Yiuf
  5450 | D:5      | Killed Crazy Yiuf
  5781 | D:5      | Noticed Dowan
  5782 | D:5      | Noticed Duvessa
  5794 | D:5      | Killed Dowan
  5799 | D:5      | Killed Duvessa
  5800 | D:5      | Reached skill level 5 in Fighting
  6028 | D:3      | Slain by krgfvk's ghost

Illustrated notes

Levels and vault maps discovered:
D:1:      ncdulo_watergridlock, layout_loops_cross,
          shapermc_ecumenical_altar_rom_forum
D:2:      layout_loops_ring, serial_shops, shop, uniq_sigmund
D:3:      layout_rooms, mainiacjoe_overflow_brackets, overflow_temple_1_default,
          biasface_ghost_orc_armoury, minmay_liquid_box, nicolae_shop_vocational
D:4:      layout_loops_ring
D:5:      layout_basic, uniq_eustachio, uniq_duvessa, uniq_crazy_yiuf_cottage

Skill      XL: |  1  2  3  4  5  6  7  8 |
---------------+-------------------------+-----
Shields        | 1 3 4 |  4.0
Fighting       | 1 2 3 5 |  5.1
Spellcasting   | 3 4 5 6 |  6.4
Dodging        | |  2.1
Stealth        | |  1.5

Action                     |  1- 3 |  4- 6 |  7- 9 || total
---------------------------+-------+-------+-------++-------
  Melee: Dagger            |    32 |    37 |    58 ||   127
   Cast: Sting             |    15 |     6 |     2 ||    23
         Poisonous Vapours |    36 |   108 |    60 ||   204
         Scorch            |       |     6 |    10 ||    16
         Mephitic Cloud    |       |     2 |     5 ||     7
         Olgreb's Toxic Ra |       |       |    10 ||    10
         Confusing Touch   |       |       |     4 ||     4
   Stab: Sleeping          |     2 |       |       ||     2
         Confused          |       |       |     4 ||     4
 Armour: Robe              |    11 |    10 |    23 ||    44
  Dodge: Dodged            |    34 |    33 |    37 ||   104
  Block: Buckler           |     5 |    10 |    16 ||    31

Table legend: (Time is in decaauts)
 A = Elapsed time spent in this place.
 B = Non-inter-level travel time spent in this place.
 C = Inter-level travel time spent in this place.
 D = Time resting spent in this place.
 E = Time spent auto-exploring this place.
 F = Levels seen in this place.
 G = Mean time per level.
                   A        B        C        D        E       F      G
               +--------+--------+--------+--------+--------+-----+--------+
         Total |   6029 |   5904 |    125 |    493 |   4423 |   5 | 1205.8 |
       Dungeon |   6029 |   5904 |    125 |    493 |   4423 |   5 | 1205.8 |
               +--------+--------+--------+--------+--------+-----+--------+

Top non-repeatable levels by time:
     D:5: 1678 daAuts
     D:2: 1330 daAuts
     D:4: 1181 daAuts
     D:3: 937 daAuts
     D:1: 901 daAuts
